 Dungeon Crawl Stone Soup version 0.26.1-11-gd32895ea62 (webtiles) character file.

Game seed: 18259920656357188567

1640 jlumianski the Summoner (level 8, -4/23 (27) HPs)
             Began as a Felid Summoner on June 2, 2021.
             Was an Elder of Hepliaklqana.
             Slain by a hell rat (17 damage)
             ... on level 1 of the Lair of Beasts.
             The game lasted 01:18:15 (15334 turns).

jlumianski the Summoner (Felid Summoner)           Turns: 15334, Time: 01:18:15

HP:   -4/23 (27)    AC:  2    Str:  4    XL:     8   Next: 66%
MP:   22/22         EV: 19    Int: 20    God:    Hepliaklqana [****..]
Gold: 625           SH:  0    Dex: 23    Spells: 16/25 levels left
                                        Lives: 0   Deaths: 3

rFire    . . .     SeeInvis +     - Unarmed
rCold    . . .     Faith    .   (shield unavailable)
rNeg     . . .     Spirit   .   (armour unavailable)
rPois    .         Reflect  .   (helmet unavailable)
rElec    .         Harm     .   (cloak unavailable)
rCorr    .         Rampage  .   (gloves unavailable)
Will     +....                  (boots unavailable)
Stlth    ++++......             (no amulet)
HPRegen  0.07/turn              v - +6 ring of dexterity
MPRegen  0.18/turn              (no ring)

@: heavily drained, quick
A: very small, no armour, no weapons or thrown items, stealth, reduced essence,
claws 1, fangs 3, see invisible, speed 1, shaggy fur 2, sharp paws
a: Renounce Religion, Recall Ancestor, Ancestor Identity, Transference, Idealise


You were on level 1 of the Lair of Beasts.
You worshipped Hepliaklqana.
Hepliaklqana was greatly pleased with you.
You visited 2 branches of the dungeon, and saw 11 of its levels.

You collected 625 gold pieces.

Inventory:

Jewellery
 g - an uncursed ring of fire
 p - an uncursed amulet of inaccuracy
 u - an uncursed ring of fire
 v - a +6 ring of dexterity (left paw)
 x - an uncursed ring of magical power
 A - an uncursed ring of resist corrosion {unknown}
 B - an uncursed amulet of reflection {unknown}
Wands
 t - a wand of random effects (17)
 z - a wand of iceblast (8)
 C - a wand of flame (12)
Scrolls
 b - 2 scrolls of fog
 e - 3 scrolls of identify
 f - 9 scrolls of teleportation
 h - 9 scrolls of remove curse
 j - a scroll of amnesia
 q - 2 scrolls of magic mapping
Potions
 a - 8 potions of curing
 c - 3 potions of brilliance
 d - a potion of ambrosia
 i - a potion of invisibility {unknown}
 k - 2 potions of attraction
 l - a potion of might
 m - a potion of flight
 o - 2 potions of lignification
 r - 3 potions of degeneration
 s - a potion of cancellation {unknown}
 w - a potion of berserk rage {unknown}


   Skills:
 + Level 3.2 Dodging
 * Level 6.5 Stealth
 + Level 2.2 Unarmed Combat
 + Level 9.1 Spellcasting
 + Level 3.4 Hexes
 + Level 10.3 Summonings
 * Level 3.0 Invocations
 * Level 3.1 Evocations


You had 16 spell levels left.
You knew the following spells:

 Your Spells              Type           Power        Failure   Level
a - Summon Small Mammal   Summ           100%         1%          1
b - Call Imp              Summ           50%          1%          2
c - Call Canine Familiar  Summ           50%          1%          3
d - Summon Guardian Gole  Hex/Summ       36%          1%          3

Your spell library contained the following spells:

 Spells                   Type           Power        Failure   Level
 Corona                   Hex            25%          1%          1
 Ensorcelled Hibernation  Hex/Ice        32%          5%          2
 Confusing Touch          Hex            23%          5%          3
 Tukima's Dance           Hex            23%          5%          3
 Freeze                   Ice            36%          8%          1
 Summon Ice Beast         Ice/Summ       29%          9%          4
 Summon Lightning Spire   Summ/Air       29%          9%          4
 Dazzling Flash           Conj/Hex       32%          11%         3
 Frozen Ramparts          Ice            18%          22%         3
 Gell's Gravitas          Tloc           4%           22%         3
 Ozocubu's Armour         Ice            9%           22%         3
 Hailstorm                Conj/Ice       9%           58%         4
 Petrify                  Tmut/Erth      9%           58%         4
 Metabolic Englaciation   Hex/Ice        8%           71%         5
 Yara's Violent Unravell  Hex/Tmut       8%           71%         5


Dungeon Overview and Level Annotations

Branches:
Dungeon (10/15)            Temple (0/1) D:4            Lair (1/6) D:9
    Orc: D:9-12

Altars:
Cheibriados
Elyvilon
Fedhas
Hepliaklqana
Nemelex Xobeh
Okawaru
Qazlal
Sif Muna
Uskayaw
Vehumet
Xom
Yredelemnul
Zin

Annotations:
D:7 exclusion: ice statue


Innate Abilities, Weirdness & Mutations

You cannot wear armour.
You are incapable of wielding weapons or throwing items.
Your paws allow you to move quietly. (Stealth)
You have sharp claws.
You have razor-sharp teeth.
You have supernaturally acute eyesight. (SInv)
You cover ground quickly.
You are covered in thick fur. (AC +2)
Your sharp claws are effective at attacking unaware monsters.
Your life essence is reduced to manifest your ancestor. (-10% HP)


Message History

You scratch the hell rat but do no damage.
The hell rat is severely wounded.
The hell rat misses you.
You closely miss the hell rat.
You bite the hell rat, but do no damage.
The hell rat is severely wounded.
The hell rat bites you!
* * * LOW HITPOINT WARNING * * *
You feel drained.
* * * LOW HITPOINT WARNING * * *
The hell rat misses you.
Mirko barely misses the hell rat.
The hell rat misses you.
The hell rat closely misses Mirko.
Mirko closely misses the hell rat.
The hell rat bites Mirko.
The hell rat bites Mirko but does no damage.
Mirko hits the hell rat with a +0 flail.
The hell rat dies!
You feel better. The hell rat bites you!
Ouch! That really hurt!
You die...

........(......
..............#
...............
..#..#...# ...#
.......<.#....#
≈≈≈≈≈≈≈≈.#....###
≈≈####≈≈........
#≈≈.#.......
##≈≈@.8.8#...
≈≈###≈≈≈r........
≈≈≈≈≈≈≈≈R#8.8#..
..........#.#...
..#######†.......
. #......?.
.........
.........
##........


You could see the friendly Mirko the knight and a hell rat.

Vanquished Creatures
  A gnoll shaman (D:10)
  An orc wizard (D:7)
  An ufetubus (D:8)
  A leopard gecko (D:5)
  A giant cockroach (D:3)
  A jackal (D:8)
  A frilled lizard (D:5)
  2 kobolds (D:3)
  2 rats
11 creatures vanquished.

Vanquished Creatures (collateral kills)
  Josephine (D:10)
  Grinder (D:3)
  Prince Ribbit (D:7)
  3 wraiths (D:10)
  4 yaks (D:9)
  6 orc warriors
  2 ice beasts
  A phantom (D:9)
  4 sky beasts
  6 ogres
  5 centaurs
  4 bullfrogs
  4 big kobolds
  A water moccasin zombie (D:9)
  A wyvern skeleton (D:6)
  A scorpion (D:6)
  7 killer bees
  4 wights (D:9)
  4 howler monkeys
  2 centaur zombies
  A bullfrog zombie (D:10)
  4 hounds
  4 orc priests
  A jelly (D:7)
  3 bullfrog skeletons
  2 centaur skeletons
  2 gnoll shamans (D:10)
  A hell rat (Lair:1)
  2 iguanas
  Ijyb (D:5)
  7 orc wizards
  3 worker ants
  A hound skeleton (D:5)
  A worker ant zombie (D:5)
  19 gnolls
  11 adders
  2 howler monkey skeletons (D:5)
  A white imp (D:8)
  An ufetubus (D:8)
  An adder zombie (D:5)
  3 adder skeletons
  4 worms
  2 dart slugs (D:1)
  5 leopard geckos
  33 orcs
  3 bats
  2 giant cockroaches
  2 gnoll zombies (D:9)
  7 goblins
  10 hobgoblins
  13 jackals
  A quokka (D:6)
  2 frilled lizards
  17 kobolds
  10 rats
244 creatures vanquished.

Vanquished Creatures (others)
  A wraith (D:10)
  A wight (D:9)
  An orc wizard (D:8)
  A gnoll shaman (D:10)
  2 gnolls (D:10)
  2 knights
  An orc (D:8)
  2 ancestors
  6 fungi (D:10)
  27 plants
44 creatures vanquished.

Grand Total: 299 creatures vanquished

Notes
Turn   | Place    | Note
-------+----------+-------------------------------------------
     0 | D:1      | jlumianski the Felid Summoner began the quest for the Orb.
     0 | D:1      | Reached XP level 1. HP: 7/7 MP: 4/4
   537 | D:1      | Reached XP level 2. HP: 11/11 MP: 0/6
   540 | D:1      | Learned a level 2 spell: Call Imp
  1422 | D:2      | Found a radiant altar of Vehumet.
  1589 | D:2      | Found an iron altar of Okawaru.
  1691 | D:2      | Reached XP level 3. HP: 9/14 MP: 1/7
  2411 | D:2      | Found a hazy altar of Hepliaklqana.
  2419 | D:2      | Became a worshipper of Hepliaklqana the Forgotten
  3009 | D:3      | Reached * piety under Hepliaklqana
  3013 | D:3      | Found a blossoming altar of Fedhas.
  3189 | D:3      | Reached XP level 4. HP: 16/16 MP: 2/9
  3281 | D:3      | Slain by a gnoll
  3282 | D:3      | Reached XP level 3. HP: -2/12 MP: 1/8
  3611 | D:3      | Learned a level 3 spell: Call Canine Familiar
  3676 | D:3      | Reached skill level 5 in Summonings
  3872 | D:3      | Noticed Grinder
  3932 | D:3      | Killed Grinder
  3933 | D:3      | Reached XP level 4. HP: 1/16 MP: 2/11
  3933 | D:3      | Reached XP level 5. HP: 1/18 MP: 2/12
  4210 | D:3      | Found a faded altar of an unknown god.
  4505 | D:4      | Found a staircase to the Ecumenical Temple.
  4773 | D:4      | Noticed an ice beast
  4793 | D:4      | Killed an ice beast
  4794 | D:4      | Gained mutation: You are covered in thick fur. (AC +2)
                  | [Felid growth]
  4794 | D:4      | Reached XP level 6. HP: 16/21 MP: 1/13
  5315 | D:4      | Reached ** piety under Hepliaklqana
  5329 | D:4      | Remembered your ancestor Mirko as a knight
  5340 | D:4      | Found a shimmering blue altar of Sif Muna.
  5397 | D:5      | Entered Level 5 of the Dungeon
  5397 | D:5      | Noticed Ijyb
  5414 | D:5      | Killed Ijyb
  5548 | D:5      | Noticed an orc warrior
  5605 | D:5      | Killed an orc warrior
  5606 | D:5      | Reached skill level 5 in Spellcasting
  5606 | D:5      | Reached skill level 6 in Summonings
  6171 | D:5      | Reached XP level 7. HP: 24/24 MP: 9/15
  6827 | D:5      | Learned a level 3 spell: Summon Guardian Golem
  7158 | D:6      | Reached skill level 7 in Summonings
  7378 | D:6      | Reached XP level 8. HP: 25/27 MP: 5/18
  7627 | D:6      | Found a hide-covered altar of Uskayaw.
  8051 | D:7      | Reached skill level 8 in Summonings
  8222 | D:7      | Reached *** piety under Hepliaklqana
  8248 | D:7      | Reached skill level 1 in Unarmed Combat
  8436 | D:7      | Found an iron altar of Okawaru.
  8439 | D:7      | Found a snail-covered altar of Cheibriados.
  8441 | D:7      | Found a white marble altar of Elyvilon.
  9217 | D:7      | Noticed a torpor snail
  9229 | D:7      | Noticed Prince Ribbit
  9248 | D:7      | Killed Prince Ribbit
  9249 | D:7      | Reached skill level 1 in Hexes
  9249 | D:7      | Reached skill level 9 in Summonings
  9326 | D:7      | Noticed an ice statue
  9357 | D:7      | Noticed a torpor snail
  9359 | D:7      | Found a snail-covered altar of Cheibriados.
  9456 | D:7      | Noticed a torpor snail
  9984 | D:8      | Reached XP level 9. HP: 30/30 MP: 10/21
 10222 | D:8      | Found a shimmering altar of Xom.
 10387 | D:8      | Found a shimmering altar of Xom.
 10620 | D:8      | Found a glowing silver altar of Zin.
 10736 | D:8      | Reached **** piety under Hepliaklqana
 10838 | D:8      | Found a stormy altar of Qazlal.
 11356 | D:9      | Found a staircase to the Lair.
 12907 | D:9      | Reached skill level 1 in Invocations
 13232 | D:9      | Found a basalt altar of Yredelemnul.
 13334 | D:9      | Found a sparkling altar of Nemelex Xobeh.
 13512 | D:10     | Entered Level 10 of the Dungeon
 13625 | D:10     | Noticed Josephine
 13639 | D:10     | Reached skill level 5 in Stealth
 13713 | D:10     | Reached skill level 10 in Summonings
 13713 | D:10     | Reached skill level 1 in Evocations
 13742 | D:10     | Killed Josephine
 13909 | D:10     | Reached XP level 10. HP: 33/33 MP: 23/23
 15055 | D:10     | Noticed a spark wasp
 15080 | D:10     | Noticed a goliath frog
 15084 | D:10     | Noticed an ice dragon
 15084 | D:10     | a goliath frog changed into an ice dragon
 15086 | D:10     | Killed from afar by an ice dragon (shapeshifter)
 15087 | D:10     | Reached XP level 9. HP: -18/30 MP: 17/23
 15103 | D:10     | Killed from afar by an ice dragon (shapeshifter)
 15104 | D:10     | Reached XP level 8. HP: -11/27 MP: 16/22
 15136 | Lair:1   | Entered Level 1 of the Lair of Beasts
 15334 | Lair:1   | Slain by a hell rat

Illustrated notes

Levels and vault maps discovered:
D:1:      evilmike_arrival_plus, layout_loops_ring
D:2:      layout_rooms, nicolae_overflow_hidden_temple,
          lemuel_coloured_pillars_altar, kennysheep_okawaru_gauntlet
D:3:      layout_loops_ring, fedhas_ov_isle_minmay,
          chequers_ecumenical_altar_lobes, uniq_grinder
D:4:      layout_basic, lemuel_blue_sif_altar, minmay_temple_entry_glassed_door
D:5:      cheibrodos_thug_alley, layout_cave_pods, uniq_ijyb
D:6:      layout_rooms, general_overflow_altar
D:7:      lemuel_ice_statue, layout_loops_cross, minitemple,
          cheibriados_altar_2, uniq_prince_ribbit1
D:8:      layout_loops_corners, lemuel_round_altar, marbit_many_paths,
          lemuel_crystal_altar, xom_teletrap_fun
D:9:      layout_cross, nemelex_altar_shiori, lemuel_zombie_altar_yredelemnul,
          lair_entry_dummy
D:10:     kennysheep_seaside_town, layout_loops_ring, hiddenorc1_lemuel,
          trog_book, uniq_josephine
Lair:1:   layout_gridlike, nicolae_volcano_entry_lava_flow,
          small_statue_intersection, lemuel_fruit_fields, uniq_erica

Skill      XL: |  1  2  3  4  5  6  7  8  9 10 |
---------------+-------------------------------+-----
Stealth        | 3 4 6 |  6.5
Spellcasting   | 4 5 6 7 8 9 |  9.1
Summonings     | 5 6 7 9 10 | 10.3
Unarmed Combat | 2 |  2.2
Dodging        | 3 |  3.2
Hexes          | 1 3 |  3.4
Invocations    | 3 2 |  3.0
Evocations     | 2 3 |  3.1

Action                   |  1- 3 |  4- 6 |  7- 9 | 10-12 || total
-------------------------+-------+-------+-------+-------++-------
Melee: Unarmed           |    18 |     5 |    60 |    30 ||   113
       Bite              |       |       |     7 |     2 ||     9
 Cast: Summon Small Mamm |   102 |    24 |    27 |     1 ||   154
       Call Imp          |    52 |    32 |    99 |    19 ||   202
       Call Canine Famil |     2 |    11 |    45 |     6 ||    64
       Summon Guardian G |       |       |    33 |     7 ||    40
Invok: Recall Ancestor   |     1 |     1 |     8 |     1 ||    11
       Ancestor Life: Kn |       |     1 |       |       ||     1
       Idealise          |       |       |     1 |       ||     1
  Use: Scroll            |     2 |     2 |     4 |       ||     8
       Potion            |     1 |     1 |     7 |     1 ||    10
 Stab: Sleeping          |     5 |     3 |     8 |       ||    16
       Distracted        |       |       |       |     2 ||     2
Armor: Skin              |     1 |     1 |     5 |     2 ||     9
Dodge: Dodged            |    33 |    14 |   101 |    28 ||   176
